 Dungeon Crawl Stone Soup version 0.20-a0-830-g2c9a30d (webtiles) character file.

4 4thArraOfDagon the Scratcher (level 1, -14/13 HPs)
             Began as a Felid Wanderer on Mar 6, 2017.
             Killed by divine providence
             ... invoked by an orc priest
              (15 damage)
             ... on level 3 of the Dungeon.
             The game lasted 00:01:15 (139 turns).

4thArraOfDagon the Scratcher (Felid Wanderer)        Turns: 139, Time: 00:01:15

Health: -14/13     AC:  1    Str: 13    XL:     1   Next: 58%
Magic:  4/4        EV: 16    Int: 15    God:
Gold:   3          SH:  0    Dex: 13    Spells: 4/4 levels left
                                        Lives:  0   Deaths: 0

rFire    . . .     SeeInvis +     - Unarmed
rCold    . . .     Gourm    .   (armour unavailable)
rNeg     . . .     Faith    .   (shield unavailable)
rPois    .         Spirit   .   (helmet unavailable)
rElec    .         Reflect  .   (cloak unavailable)
rCorr    .         Harm     .   (gloves unavailable)
MR       .....                  (boots unavailable)
Stlth    ..........             (no amulet)
Regen    0.1/turn               (no ring)
MPRegen  0.1/turn               (no ring)

@: berserking, lethally poisoned (-14 -> -26), very quick
A: no armour, no weapons or thrown items, stealth, claws 1, fangs 3, see
invisible, carnivore 3, speed 1, shaggy fur 1, slow metabolism 1, sharp paws
a: no special abilities


You were on level 3 of the Dungeon.
You were very full.

You visited 1 branch of the dungeon, and saw 3 of its levels.

You collected 3 gold pieces.

Inventory:

Potions
 a - a potion of berserk rage
 b - a potion of lignification
Books
 c - the Tome of the Birds

   Spells                             Type                      Level
   a - Swiftness                      Charms/Air                   2
   b - Poisonous Vapours              Poison/Air                   2
Comestibles
 d - a meat ration


   Skills:
 - Level 1.0 Fighting
 * Level 1.1 Dodging
 + Level 2.8 Stealth
 * Level 4.0 Unarmed Combat
 - Level 2.0 Spellcasting
   Level 1.5 Translocations


You had 4 spell levels left.
You didn't know any spells.

Dungeon Overview and Level Annotations

Branches:
Dungeon (3/15)

Altars:
Dithmenos


Innate Abilities, Weirdness & Mutations

You cannot wear armour.
You are incapable of wielding weapons or throwing items.
Your paws allow you to move quietly. (Stealth)
You have sharp claws.
You have razor-sharp teeth.
You have supernaturally acute eyesight. (SInv)
You are carnivorous and can eat meat at any time.
You cover ground quickly.
You are covered in fur. (AC +1)
You have a slow metabolism.
Your sharp claws are effective at attacking unaware monsters.


Message History

The adder poisons you!
The orc wizard casts a spell.
The orc wizard flickers and vanishes for a moment.
Unknown command.
You closely miss the adder.
* * * LOW HITPOINT WARNING * * *
You feel sick. The orc misses you. The adder closely misses you.
Unknown command.
You closely miss the adder. The adder bites you.
* * * LOW HITPOINT WARNING * * *
The orc barely misses you.
Unknown command.
You claw the adder!
The adder is almost dead.
* * * LOW HITPOINT WARNING * * *
You feel sick.
The orc priest invokes the aid of Beogh against you.
Beogh smites you!
Ouch! That really hurt!
You die...

## #### .#
#.o.. .# #o..
# .#o$
..##.######o#
...$......S@#
.#####.#####
#.# ###.###
#.....#
#.###.....#
#.##$.....#
#.##......#
#.
#.##......#


You could see an orc priest, an orc wizard (invisible), an adder and an orc.

Vanquished Creatures
  A giant cockroach (D:2)
  A hobgoblin (D:1)
  A goblin (D:1)
  2 rats
5 creatures vanquished.

Notes
Turn   | Place    | Note
-------+----------+-------------------------------------------
     0 | D:1      | 4thArraOfDagon the Felid Wanderer began the quest for the Orb.
     0 | D:1      | 4thArraOfDagon set off with: 2 potions of berserk rage, a potion of lignification, the Tome of the Birds, a meat ration
     0 | D:1      | Reached XP level 1. HP: 9/9 MP: 4/4
     0 | D:1      | Identified the Tome of the Birds
    81 | D:2      | Reached skill level 1 in Dodging
    82 | D:2      | Found a shadowy altar of Dithmenos.
   127 | D:3      | Noticed an orc wizard
   128 | D:3      | Noticed an orc priest
   139 | D:3      | Killed from afar by an orc priest

Vault maps used:
D:1:      lightli_arrival_farm
D:2:      grunt_dithmenos_smoke, first_bread
D:3:      lemuel_upstairs_altar, minmay_item_behind_shaft

Skill      XL: |  1 |
---------------+----+-----
Dodging        | 1 |  1.1
Fighting       | |  1.0
Stealth        | |  2.8
Unarmed Combat | |  4.0
Spellcasting   | |  2.0
Translocations | |  1.5

Action                   || total
-------------------------++-------
Melee: Unarmed           ||    14
  Use: Potion            ||     1
 Stab: Sleeping          ||     2
  Eat: Chunk             ||     4
Dodge: Dodged            ||    12
